 Dungeon Crawl Stone Soup version 0.31-a0-354-g827e0957a7 (webtiles) character file.

Game seed: 5170837168588558697

67401 klm127 the Brawler (level 14, -4/126 HPs)
             Began as a Troll Gladiator on July 22, 2023.
             Was a High Priest of Hepliaklqana.
             Slain by a +1 bardiche of chaos (37 damage)
             ... on level 3 of the Lair of Beasts on July 23, 2023.
             The game lasted 01:23:49 (17993 turns).

klm127 the Brawler (Troll Gladiator)               Turns: 17993, Time: 01:23:50

Health: -4/126     AC: 15    Str: 29    XL:     14   Next: 82%
Magic:  13/13      EV: 10    Int:  4    God:    Hepliaklqana [*****.]
Gold:   1342       SH: 15    Dex: 11    Spells: 13/13 levels left

rFire   . .          .
                       - Unarmed
rCold   . . .        a - +0 tower shield
rNeg    . . .        E - +0 steam dragon scales
rPois   +            J - +2 hat
rElec   .            M - +0 cloak
rCorr   .            (gloves unavailable)
SInv    .            (boots unavailable)
Will    +....        (no amulet)
Stlth   +            g - +4 ring of protection
HPRegen 1.21/turn    q - ring of poison resistance
MPRegen 0.13/turn

%: no passive effects
@: lethally poisoned (-4 -> -4), slowed, very slow
A: reduced essence, large, unfitting armour, claws 3, regeneration 1, shaggy fur
1, tough skin 1
a: Renounce Religion, Recall Ancestor, Ancestor Identity, Transference, Idealise


You were on level 3 of the Lair of Beasts.
You worshipped Hepliaklqana.
Hepliaklqana was extremely pleased with you.
You visited 3 branches of the dungeon, and saw 19 of its levels.

You collected 1342 gold pieces.

Inventory:

Hand Weapons
 T - a +7 heavy quarterstaff
Missiles
 c - 4 throwing nets
 d - 5 large rocks
 l - 105 stones
 u - 18 javelins (quivered)
 y - 10 boomerangs
 C - 19 poisoned darts
 K - 2 silver boomerangs
 Y - 3 boomerangs of dispersal
Armour
 a - a +0 tower shield (worn)
 k - a +2 kite shield
 E - +0 steam dragon scales (worn)
 J - a +2 hat (worn)
 M - a +0 cloak (worn)
 O - a +1 robe of cold resistance
Jewellery
 b - a +6 ring of dexterity
 g - a +4 ring of protection (left claw)
 q - a ring of poison resistance (right claw)
 r - a ring of flight
 A - a ring of protection from fire
 R - a +6 ring of strength
 U - a +5 ring of evasion
 V - a ring of protection from fire
 Z - an amulet of faith
Wands
 m - a wand of polymorph (5)
 v - a wand of quicksilver (31)
 D - a wand of paralysis (5)
 H - a wand of digging (12)
 I - a wand of flame (69)
 P - a wand of mindburst (18)
Scrolls
 e - 3 scrolls of vulnerability
 f - a scroll of identify
 i - a scroll of brand weapon
 j - 11 scrolls of teleportation
 o - 2 scrolls of butterflies
 t - 4 scrolls of fog
 B - a scroll of enchant weapon
 F - 3 scrolls of immolation
 G - 5 scrolls of amnesia
 L - 4 scrolls of noise
 N - 2 scrolls of silence
 Q - 2 scrolls of poison
 S - a scroll of blinking
 X - a scroll of fear
Potions
 h - 2 potions of cancellation
 n - a potion of heal wounds {unknown}
 s - a potion of haste {unknown}
 w - 7 potions of curing
 x - 4 potions of enlightenment
 z - 3 potions of lignification
 W - a potion of invisibility
Miscellaneous
 p - a piece from Xom's chessboard (15/15)


   Skills:
 + Level 9.7 Fighting
 - Level 0.7 Axes
 + Level 10.5 Throwing
 + Level 5.4 Armour
 - Level 7.6 Dodging
 + Level 9.9 Shields
 * Level 15.7 Unarmed Combat


You had 13 spell levels left.
You didn't know any spells.
Your spell library contained the following spells:

 Spells                   Type           Power      Damage    Failure   Level
 Lesser Beckoning         Tloc           0%         N/A       94%         2
 Dazzling Flash           Conj/Hex       0%         N/A       99%         3
 Gell's Gravitas          Tloc           0%         N/A       99%         3
 Hailstorm                Conj/Ice       0%         3d3       99%         3
 Teleport Other           Tloc           0%         N/A       99%         3
 Volatile Blastmotes      Fire/Tloc      0%         2d10      99%         3
 Fulminant Prism          Conj/Hex       0%         3d5       100%        4
 Iskenderun's Mystic Bla  Conj/Tloc      0%         2d3       100%        4
 Summon Ice Beast         Ice/Summ       0%         N/A       100%        4
 Agony                    Necr           0%         N/A       100%        5
 Silence                  Hex/Air        0%         N/A       100%        5
 Simulacrum               Ice/Necr       0%         N/A       100%        6


Dungeon Overview and Level Annotations

Branches:
Dungeon (13/15)            Temple (1/1) D:4            Lair (5/5) D:8
 Shoals (0/4) Lair:3        Snake (0/4) Lair:3        Slime (0/5) Lair:4
    Orc (0/2) D:11
 Vaults: D:13-14

Altars:
Ashenzari
Cheibriados
Dithmenos
Elyvilon
Fedhas
Gozag
Hepliaklqana
Kikubaaqudgha
Makhleb
Nemelex Xobeh
Okawaru
Qazlal
Ru
Sif Muna
Trog
Uskayaw
Vehumet
Wu Jian
Xom
Yredelemnul
Zin
The Shining One
Jiyva

Shops:
D:3 [*:[(   D:7 (

Annotations:
Lair:4 1 runed translucent door


Innate Abilities, Weirdness & Mutations

Your life essence is reduced to manifest your ancestor. (-10% HP)
You are too large for most types of armour.
You have claws for hands.
Your natural rate of healing is unusually fast.
You are covered in fur. (AC +1)
You have tough skin. (AC +1)


Message History

u - 18 javelins (gained 2);
c - 4 throwing nets (gained 2)
d - 5 large rocks (gained 1) Ancestor HP restored.
HP restored.
The +1 bardiche of chaos barely misses you.
You closely miss the +1 bardiche of chaos.
The +1 bardiche of chaos hits you but does no damage.
You feel yourself slow down.
You closely miss the +1 bardiche of chaos.
You block the +1 bardiche of chaos's attack.
The +1 bardiche of chaos misses you.
You block the +1 bardiche of chaos's attack.
Jabu hits the +1 bardiche of chaos but does no damage.
You catch the helpless +1 bardiche of chaos completely off-guard!
You claw the +1 bardiche of chaos!
The +1 bardiche of chaos is moderately damaged.
Jabu misses the +1 bardiche of chaos.
The +1 bardiche of chaos hits you!!
You are poisoned.
Jabu hits the +1 bardiche of chaos with a +0 dagger of draining!
Jabu barely misses the +1 bardiche of chaos.
You barely miss the +1 bardiche of chaos.
The +1 bardiche of chaos is severely damaged.
You feel very sick. The +1 bardiche of chaos hits you!!!
Jabu closely misses the +1 bardiche of chaos. x2
The +1 bardiche of chaos hits you!
Jabu hits the +1 bardiche of chaos but does no damage.
You feel very sick.
Jabu completely misses the +1 bardiche of chaos.
The +1 bardiche of chaos hits you!
* * * LOW HITPOINT WARNING * * *
The +1 bardiche of chaos draws strength from your wounds!
Jabu hits the +1 bardiche of chaos but does no damage.
Jabu misses the +1 bardiche of chaos.
You feel very sick.
You block the +1 bardiche of chaos's attack.
Jabu barely misses the +1 bardiche of chaos.
Jabu hits the +1 bardiche of chaos but does no damage.
The +1 bardiche of chaos hits you from afar!!!
You die...

P# #...#####....###
#......### ##
##......###.## ###......#.
##.....)~.### ###.~.......#
#..##.##)~)~###~~~.#####...
##..####...~~~~~...# #... #
####..##.###..#>#..### ##..
#####..........###...###
#..
.................########
###
P...............@..R....# #
.#....####.##..###(#....###
# ......# #######
####...#.# # ......#
##....## ..#...##
##....#### .......###
##...##.### ..P....#.#
###### ##........
#####.W(R###..P.##
##....... ##
##..........P## ##...#..#


You could see the friendly Jabu the hexer and a +1 bardiche of chaos (ally
target).

Vanquished Creatures
  A broodmother (Lair:1)
  The ghost of snackwell the Grappler, a journeyman TrSh of Nemelex Xobeh (Lair:3)
  4 hydras
  4 boulder beetles
  A centaur warrior (D:13)
  2 catoblepae (Lair:5)
  3 two-headed ogres
  A tengu warrior (D:12)
  15 death yaks
  Amaemon (D:10)
  A deep elf pyromancer (D:13)
  An ugly thing (D:12)
  A cyclops (D:11)
  2 manticores (Lair:5)
  9 elephants
  Joseph (D:10)
  5 black mambas
  A torpor snail (Lair:2)
  The ghost of Tollund the Grasshopper, a novice GnWr (D:4)
  An orange demon (D:10)
  13 cane toads
  2 gargoyles
  6 rime drakes
  A tengu conjurer (D:11)
  6 komodo dragons
  2 meliai (D:13)
  2 trolls
  2 merfolk (Lair:3)
  A polar bear (Lair:5)
  Grinder (D:6)
  5 blink frogs (Lair:4)
  7 slime creatures
  2 wraiths
  3 shadows
  5 wyverns
  40 yaks
  2 basilisks
  12 vampire mosquitoes
  A steam dragon (D:6)
  2 acid dragons
  12 water moccasins
  A black bear (D:6)
  8 orc warriors
  An ice beast (D:8)
  2 ogres
  5 centaurs
  2 kobold brigands
  12 bullfrogs
  4 scorpions
  4 wights (D:8)
  18 killer bees
  9 howler monkeys
  2 hounds
  A jelly (D:5)
  3 quasits (D:4)
  5 orc priests
  2 gnoll boudas
  A sleepcap (D:7)
  A hexer (D:11)
  An iguana (D:5)
  8 orc wizards
  9 gnolls
  11 adders
  A white imp (D:5)
  An ufetubus (D:7)
  2 worms
  5 dart slugs
  30 orcs
  10 ball pythons
  7 bats
  2 endoplasms
  3 giant cockroaches
  8 hobgoblins
  6 jackals
  20 kobolds
  5 quokkas
  2 frilled lizards (D:1)
  7 goblins
  9 rats
411 creatures vanquished.

Vanquished Creatures (collateral kills)
  Fannar (Lair:3)
  A catoblepas (Lair:5)
  A two-headed ogre (D:9)
  4 death yaks
  A swamp dragon (shapeshifter) (D:13)
  An ugly thing (D:13)
  4 elephants
  2 black mambas
  A merfolk siren (Lair:3)
  A cane toad (Lair:2)
  An unseen horror (D:12)
  2 komodo dragons
  2 rime drakes (Lair:4)
  A merfolk (Lair:3)
  A polar bear (Lair:5)
  2 vampires
  A wraith (D:13)
  A wyvern (Lair:5)
  12 yaks
  A vampire mosquito (D:12)
  A water moccasin (Lair:5)
  A black bear (D:8)
  An orc warrior (D:9)
  An ice beast (D:5)
  A sky beast (D:8)
  An ogre (D:5)
  4 bullfrogs
  A gnoll sergeant (D:11)
  A wight (D:8)
  10 killer bees
  A howler monkey (D:12)
  An orc priest (D:11)
  A sleepcap (D:5)
  A hound (D:5)
  An iguana (D:5)
  A gnoll (D:7)
  A white imp (D:7)
  4 orcs
74 creatures vanquished.

Vanquished Creatures (others)
  A deep elf pyromancer (D:12)
  A vampire (D:13)
  21 hexers
  3 ancestors (D:5)
26 creatures vanquished.

Grand Total: 511 creatures vanquished

Notes
Turn   | Place    | Note
-------+----------+-------------------------------------------
     0 | D:1      | klm127 the Troll Gladiator began the quest for the Orb.
     0 | D:1      | Reached XP level 1. HP: 19/19 MP: 0/0
    42 | D:1      | You fall into a shaft and drop 1 floor!
    44 | D:2      | Found the +5 woodcutter's axe
    73 | D:2      | Reached XP level 2. HP: 28/28 MP: 1/1
    96 | D:2      | Found a faded altar of an unknown god.
   254 | D:2      | Reached XP level 3. HP: 35/35 MP: 2/2
  1153 | D:2      | Reached XP level 4. HP: 42/42 MP: 3/3
  1625 | D:3      | Found Fodo's Antique Armour Shoppe.
  1662 | D:3      | Found Micuyst's Antique Weapon Shoppe.
  1848 | D:3      | Found Vocs's Book Shop.
  2297 | D:3      | Found Vyorath's General Store.
  2365 | D:3      | Reached XP level 5. HP: 50/50 MP: 4/4
  2405 | D:3      | Found Nyger's Antique Armour Boutique.
  2708 | D:4      | Found a staircase to the Ecumenical Temple.
  2924 | Temple   | Entered the Ecumenical Temple
  2954 | Temple   | Became a worshipper of Hepliaklqana the Forgotten
  3039 | D:4      | Reached skill level 1 in Shields
  3039 | D:4      | Reached skill level 4 in Unarmed Combat
  3053 | D:4      | Found a transporter.
  3053 | D:4      | Noticed Tollund's ghost (novice GnWr)
  3167 | D:4      | Found a glowing silver altar of Zin.
  3383 | D:4      | Reached XP level 6. HP: 59/59 MP: 5/5
  3494 | D:4      | Found a transporter.
  3696 | D:5      | Entered Level 5 of the Dungeon
  3738 | D:5      | Found a radiant altar of Vehumet.
  3774 | D:5      | Reached * piety under Hepliaklqana
  3875 | D:5      | Found a large runed translucent door.
  3876 | D:5      | Found a large runed translucent door.
  3914 | D:5      | Found a snail-covered altar of Cheibriados.
  3924 | D:5      | Found an iron altar of Okawaru.
  4096 | D:5      | Reached skill level 5 in Unarmed Combat
  4098 | D:5      | Reached XP level 7. HP: 60/60 MP: 6/6
  4340 | D:6      | Noticed Grinder
  4347 | D:6      | Killed Grinder
  4490 | D:6      | Reached skill level 6 in Unarmed Combat
  4490 | D:6      | Reached XP level 8. HP: 37/68 MP: 7/7
  5185 | D:5      | Reached skill level 7 in Unarmed Combat
  5582 | D:4      | Killed Tollund's ghost
  5583 | D:4      | Reached XP level 9. HP: 68/76 MP: 8/8
  6067 | D:7      | Reached skill level 5 in Throwing
  6225 | D:7      | Found a sacrificial altar of Ru.
  6225 | D:7      | Reached ** piety under Hepliaklqana
  6226 | D:7      | Remembered your ancestor Jabu as a hexer
  6362 | D:7      | Found an ornate altar of the Wu Jian Council.
  6392 | D:7      | Found Loateirph's Weapon Shop.
  6444 | D:7      | Found an ancient bone altar of Kikubaaqudgha.
  6444 | D:7      | Found a blossoming altar of Fedhas.
  6503 | D:8      | Reached skill level 8 in Unarmed Combat
  6508 | D:8      | Reached skill level 5 in Dodging
  6528 | D:8      | Reached skill level 5 in Fighting
  6547 | D:8      | Noticed a komodo dragon
  6569 | D:8      | Killed a komodo dragon
  6623 | D:8      | Reached XP level 10. HP: 86/86 MP: 9/9
  6670 | D:8      | Found a staircase to the Lair.
  6681 | D:8      | Reached skill level 9 in Unarmed Combat
  6965 | D:8      | Reached skill level 5 in Shields
  7150 | D:9      | Reached *** piety under Hepliaklqana
  7854 | D:9      | Noticed a two-headed ogre
  7861 | D:9      | Killed a two-headed ogre
  7955 | D:10     | Entered Level 10 of the Dungeon
  8021 | D:10     | Reached skill level 10 in Unarmed Combat
  8060 | D:10     | Noticed Joseph
  8077 | D:10     | Killed Joseph
  8152 | D:10     | Noticed a two-headed ogre
  8158 | D:10     | Killed a two-headed ogre
  8159 | D:10     | Reached XP level 11. HP: 55/94 MP: 10/10
  8587 | D:10     | Noticed Amaemon
  8743 | D:10     | Killed Amaemon
  9041 | D:11     | Noticed a boulder beetle
  9053 | D:11     | Killed a boulder beetle
  9100 | D:11     | Reached skill level 11 in Unarmed Combat
  9302 | D:11     | Noticed a two-headed ogre
  9312 | D:11     | Killed a two-headed ogre
  9459 | D:11     | Found an opulent altar of Gozag.
  9680 | D:11     | Reached **** piety under Hepliaklqana
  9908 | D:11     | Found a staircase to the Orcish Mines.
 10084 | D:12     | Noticed a two-headed ogre
 10093 | D:12     | Killed a two-headed ogre
 10668 | D:12     | Noticed a deep elf pyromancer
 10831 | D:11     | Reached XP level 12. HP: 95/106 MP: 11/11
 10902 | D:12     | Noticed a tengu warrior
 11087 | D:12     | Killed a tengu warrior
 11088 | D:12     | Reached skill level 12 in Unarmed Combat
 11498 | D:13     | Noticed a boulder beetle
 11514 | D:13     | Noticed a centaur warrior
 11743 | D:13     | Noticed a centaur warrior
 11754 | D:13     | Killed a centaur warrior
 11820 | D:13     | Noticed an eight-headed hydra
 11821 | D:13     | Noticed a yaktaur captain
 11996 | Lair:1   | Entered Level 1 of the Lair of Beasts
 12219 | Lair:1   | Reached skill level 13 in Unarmed Combat
 12271 | Lair:1   | Reached skill level 1 in Armour
 12273 | Lair:1   | Reached ***** piety under Hepliaklqana
 12636 | Lair:1   | Noticed a six-headed hydra
 13300 | Lair:1   | a nine-headed hydra changed into a broodmother
 13300 | Lair:1   | Noticed a broodmother
 13310 | Lair:1   | Killed a broodmother
 13358 | Lair:2   | Noticed a six-headed hydra
 13428 | Lair:2   | Reached XP level 13. HP: 80/114 MP: 12/12
 14395 | Lair:3   | Found a staircase to the Snake Pit.
 14435 | Lair:3   | Noticed Fannar
 14470 | Lair:3   | Killed Fannar
 14551 | Lair:3   | Found a staircase to the Shoals.
 14662 | Lair:3   | Reached skill level 14 in Unarmed Combat
 14747 | Lair:3   | You fall into a shaft and drop 2 floors!
 14747 | Lair:5   | Entered Level 5 of the Lair of Beasts
 15269 | Lair:3   | Found a runed translucent door.
 15269 | Lair:3   | Found a shimmering altar of Xom.
 15269 | Lair:3   | Noticed snackwell's ghost (journeyman TrSh)
 15367 | Lair:4   | Found a runed translucent door.
 15400 | Lair:4   | Noticed an azure jelly
 15419 | Lair:4   | Found a viscous altar of Jiyva.
 15419 | Lair:4   | Found a staircase to the Slime Pits.
 15419 | Lair:4   | Noticed an azure jelly
 16095 | Lair:5   | Reached XP level 14. HP: 110/123 MP: 13/13
 16572 | Lair:5   | Reached skill level 10 in Throwing
 16692 | Lair:5   | Reached skill level 15 in Unarmed Combat
 17110 | Lair:5   | Upgraded the game from 0.31-a0-345-g1ebeae05c6 to
                  | 0.31-a0-354-g827e0957a7
 17276 | Lair:5   | Reached skill level 5 in Armour
 17924 | Lair:3   | Killed snackwell's ghost
 17993 | Lair:3   | Slain by a +1 bardiche of chaos

Illustrated notes

Levels and vault maps discovered:
D:1:      dpeg_arrival_oval, layout_loops_ring
D:2:      layout_basic, serial_forest, infiniplex_forest_lined_corner,
          infiniplex_forest_lined_room_3, infiniplex_forest_zigzag_1,
          infiniplex_forest_clump_small, infiniplex_forest_join,
          infiniplex_forest_clump_small, infiniplex_forest_clump_curved,
          infiniplex_forest_clump_small, infiniplex_forest_zigzag_1,
          hellmonk_ecumenical_altar_dog_temple, minmay_misc_feat_five,
          chequers_serial_rivers_large_a, corexii_corridor_pit
D:3:      layout_basic, serial_shops, nicolae_shop_tiny_glass,
          nicolae_book_shop_shelving, shop, nicolae_lakefront_shop, shop
D:4:      layout_loops_cross, mainiacjoe_overflow_alcove_1,
          minmay_temple_entry_tees, gammafunk_ghost_stat_death
D:5:      layout_rooms, jmf_multi_god_temple2, nicolae_vehumet_altar_sigil,
          minmay_joined_circles
D:6:      layout_basic, uniq_grinder
D:7:      layout_rooms, grunt_temple_overflow_growth_and_decay,
          nicolae_overflow_hidden_temple, nicolae_wu_jian_immortal_techniques,
          serial_shops, nicolae_shop_bloodbath_and_beyond
D:8:      layout_rooms, grunt_lair_entry_orc_guard_hut
D:9:      layout_stronghold, serial_column_ruins, column_ruins_columns_corner,
          column_ruins_corridor_dead_end, column_ruins_open_tiny,
          column_ruins_open_tiny
D:10:     layout_loops_ring, uniq_amaemon, uniq_joseph
D:11:     layout_loops_ring, david_orc_4, nicolae_gozag_seed_capital
D:12:     layout_roguey
D:13:     regret_index_tunnel_blossom, layout_basic, grunt_vaults_entry_tiered,
          portal_ice_cave_entry_ice_simulacra
Temple:   compressed_dpeg_circular_temple
Lair:1:   cheibrodos_lair_river_kwai, layout_hall_layers
Lair:2:   layout_cave_pods
Lair:3:   layout_concentric_octagons, elwin_shoals_entry_stream,
          guppyfry_snake_entry_island, ebering_ghost_xom, st_stairs_12,
          dreamdust_gnoll_shepherd, uniq_fannar
Lair:4:   layout_roguey, slime_entry_2, minmay_lair_drake_nest
Lair:5:   evilmike_catoblepas_cave, layout_small_grid, lemuel_fruit_tree,
          serial_bayou_shore_a

Skill      XL: |  1  2  3  4  5  6  7  8  9 10 11 12 13 14 |
---------------+-------------------------------------------+-----
Throwing       | 2 3 4 5 6 7 8 9 10 | 10.5
Fighting       | 2 3 4 5 6 7 8 9 |  9.7
Dodging        | 3 4 5 6 7 |  7.6
Shields        | 1 2 3 4 5 7 8 9 |  9.9
Unarmed Combat | 4 5 6 7 8 10 11 13 14 15 | 15.7
Armour         | 1 4 5 |  5.4
Axes           | |  0.7

Action                     |  1- 3 |  4- 6 |  7- 9 | 10-12 | 13-15 || total
---------------------------+-------+-------+-------+-------+-------++-------
  Melee: Unarmed           |    45 |   162 |   210 |   532 |   479 ||  1428
         Battleaxe         |    69 |       |       |     4 |       ||    73
         Punch             |       |       |       |     2 |    19 ||    21
         Quarterstaff      |       |       |       |     2 |     9 ||    11
  Throw: Stone             |       |       |    37 |    30 |       ||    67
         Boomerang         |       |       |       |    34 |     2 ||    36
         Dart              |       |       |       |     3 |     1 ||     4
         Javelin           |       |       |       |     3 |     7 ||    10
         Large rock        |       |       |       |       |     2 ||     2
         Throwing net      |       |       |       |       |     2 ||     2
 Invoke: Ancestor Identity |       |       |     1 |       |       ||     1
         Ancestor Life: He |       |       |     1 |       |       ||     1
         Recall Ancestor   |       |       |       |     3 |     2 ||     5
  Evoke: Wand              |       |       |       |     7 |     1 ||     8
    Use: Scroll            |       |     5 |     7 |    16 |     8 ||    36
         Potion            |       |       |       |     2 |     1 ||     3
   Stab: Sleeping          |     1 |     1 |       |       |       ||     2
         Confused          |       |       |     2 |    14 |     3 ||    19
         Distracted        |       |       |     2 |     3 |     4 ||     9
         Invisible         |       |       |       |     1 |       ||     1
         Petrified         |       |       |       |       |     4 ||     4
 Armour: Robe              |    30 |    60 |    24 |       |       ||   114
         Steam dragon scal |       |       |    69 |   177 |   184 ||   430
  Dodge: Dodged            |    66 |    53 |    76 |   221 |   225 ||   641
  Block: Kite shield       |     1 |    48 |    92 |   289 |       ||   430
         Tower shield      |       |       |       |       |   174 ||   174

Table legend: (Time is in decaauts)
 A = Elapsed time spent in this place.
 B = Non-inter-level travel time spent in this place.
 C = Inter-level travel time spent in this place.
 D = Time resting spent in this place.
 E = Time spent auto-exploring this place.
 F = Levels seen in this place.
 G = Mean time per level.
                   A        B        C        D        E       F      G
               +--------+--------+--------+--------+--------+-----+--------+
         Total |  17886 |  16171 |   1715 |   2398 |   8267 |  19 |  941.4 |
       Dungeon |  12092 |  10685 |   1407 |   1403 |   5631 |  13 |  930.2 |
        Temple |     60 |      2 |     58 |      0 |      0 |   1 |   60.0 |
          Lair |   5733 |   5483 |    250 |    995 |   2636 |   5 | 1146.6 |
               +--------+--------+--------+--------+--------+-----+--------+

Top non-repeatable levels by time:
    D:11: 1402 daAuts
  Lair:5: 1347 daAuts
    D:10: 1279 daAuts
  Lair:1: 1187 daAuts
  Lair:4: 1136 daAuts
     D:5: 1126 daAuts
  Lair:3: 1108 daAuts
     D:4: 1066 daAuts
     D:6: 1034 daAuts
     D:2: 1033 daAuts
     D:3: 1028 daAuts
    D:12: 1013 daAuts
  Lair:2: 953 daAuts
     D:9: 888 daAuts
     D:1: 710 daAuts
